 Dungeon Crawl Stone Soup version 0.28.0-49-g6dfe1f597d (webtiles) character file.

Game seed: 548101943316841572

53 Spectrina the Ducker (level 3, -2/22 HPs)
             Began as a Deep Elf Monk on May 15, 2022.
             Was a Believer of Fedhas.
             Slain by a worm (6 damage)
             ... on level 3 of the Dungeon.
             The game lasted 00:10:35 (790 turns).

Spectrina the Ducker (Deep Elf Monk)                 Turns: 790, Time: 00:10:35

Health: -2/22      AC:  8    Str: 10    XL:     3   Next: 64%
Magic:  14/14      EV:  5    Int: 14    God:    Fedhas [**....]
Gold:   23         SH:  0    Dex: 17    Spells: 2/2 levels left

rFire   + . .      SeeInvis .   a - +0 spear
rCold   . . .      Faith    .   (no shield)
rNeg    . . .      Spirit   .   e - +0 chain mail {rF+}
rPois   .          Reflect  .   (no helmet)
rElec   .          Harm     .   (no cloak)
rCorr   .          Rampage  .   (no gloves)
Will    .....                   (no boots)
Stlth   ..........              (no amulet)
HPRegen 0.07/turn               j - ring of magical power
MPRegen 0.14/turn               (no ring)

@: no status effects
A: no striking features
a: Renounce Religion, Wall of Briars


You were on level 3 of the Dungeon.
You worshipped Fedhas.
Fedhas was pleased with you.
You visited 1 branch of the dungeon, and saw 3 of its levels.

You collected 23 gold pieces.

Inventory:

Hand Weapons
 a - a +0 spear (weapon)
Missiles
 c - 57 stones (quivered)
 d - 47 arrows
 f - 17 sling bullets
Armour
 b - a +0 robe
 e - a +0 chain mail of fire resistance (worn)
Magical Staves
 g - a staff of conjuration
 h - a staff of fire
Jewellery
 j - a ring of magical power (left hand)
Wands
 i - a wand of digging (3)
Scrolls
 k - 2 scrolls of identify {unknown}
 l - a scroll of torment {unknown}
Potions
 m - a potion of flight {unknown}


   Skills:
 - Level 2.4 Fighting
 + Level 3.3 Polearms
 - Level 3.6 Dodging
 - Level 2.4 Stealth
 * Level 1.0 Invocations


You had 2 spell levels left.
You didn't know any spells.
Your spell library was empty.

Dungeon Overview and Level Annotations

Branches:
Dungeon (3/15)

Altars:
Fedhas

Shops:
D:3 ([


Message History

Found 5 gold pieces.
Found a stone staircase leading down.
m - a lumpy green potion;
d - 40 arrows (gained 21)
A worm comes into view.
You now have 23 gold pieces (gained 4).
There are no items here.
There is a stone staircase leading down here.
Found a stone staircase leading up.
c - 57 stones (gained 13)
d - 47 arrows (gained 7) Unknown command.
A worm is nearby!
Unknown command.
Reach: a) +0 spear
Press: ? - help, Dir - move target, f - worm
Aim: a worm (about 19% to evade your +0 spear)
You barely miss the worm. The worm barely misses you.
You barely miss the worm. You hit the worm but do no damage.
The worm barely misses you.
You hit the worm.
The worm is moderately wounded.
You hit the worm but do no damage.
The worm is moderately wounded.
The worm bites you but does no damage.
You hit the worm.
The worm is moderately wounded.
You hit the worm.
The worm is heavily wounded.
The worm bites you but does no damage.
You hit the worm.
The worm is severely wounded.
You hit the worm.
The worm is severely wounded.
The worm bites you!
* * * LOW HITPOINT WARNING * * *
You hit the worm but do no damage.
The worm is severely wounded.
The worm bites you.
You die...
Fedhas appreciates your contribution to the ecosystem.

♣♣...♣♣♣♣♣..# ### ♣._.♣♣
♣♣.###.# ♣.♣♣♣ #.....# ♣♣♣
#....## .. #<..####
..###############......#
.........<..........#.####
..........................
#......@.......####.....
##....w.#.....## ##.###
###...#.##.#.## #.#
#....##......## #.# .##.##
#.#.#####.....# #... ...
.. #.#.# ###...#.# ###.#
.w.#.##.#.# #.......# ..
#.......># #.#.###.# #
#..#$.#..###.#.#
#.##########


You could see a worm.

Vanquished Creatures
  2 adders
  2 dart slugs
  An orc (D:3)
  4 ball pythons
  2 giant cockroaches (D:1)
  3 goblins
  3 hobgoblins
  A quokka (D:1)
  6 bats
  A frilled lizard (D:1)
  A kobold (D:2)
  7 rats
33 creatures vanquished.

Notes
Turn   | Place    | Note
-------+----------+-------------------------------------------
     0 | D:1      | Spectrina the Deep Elf Monk began the quest for the Orb.
     0 | D:1      | Reached XP level 1. HP: 13/13 MP: 3/3
   153 | D:1      | Reached XP level 2. HP: 4/18 MP: 4/4
   478 | D:2      | Reached XP level 3. HP: 14/22 MP: 5/5
   565 | D:3      | Found a blossoming altar of Fedhas.
   573 | D:3      | Became a worshipper of Fedhas Madash
   573 | D:3      | Reached * piety under Fedhas
   573 | D:3      | Reached ** piety under Fedhas
   596 | D:3      | Found Rieggafi's Armour Emporium.
   682 | D:3      | Found Romopoj's Weapon Boutique.
   717 | D:3      | Reached skill level 1 in Invocations
   790 | D:3      | Slain by a worm

Illustrated notes

Levels and vault maps discovered:
D:1:      minmay_arrival_three_doors, layout_loops_ring,
          chequers_ecumenical_altar_simple
D:2:      layout_loops_ring, kennysheep_generic_room_6, uniq_crazy_yiuf_cottage
D:3:      layout_rooms, fedhas_altar_4, serial_shops, nicolae_shop_waterfront,
          shop

Skill      XL: |  1  2  3 |
---------------+----------+-----
Polearms       | 3 |  3.3
Invocations    | 1 |  1.0
Fighting       | |  2.4
Dodging        | |  3.6
Stealth        | |  2.4

Action                   || total
-------------------------++-------
Melee: Spear             ||   150
       Punch             ||     1
  Use: Scroll            ||     1
 Stab: Sleeping          ||     1
Armor: Robe              ||     2
       Chain mail        ||    60
Dodge: Dodged            ||    27
